Canadiens vs Red Wings
Created - November 18, 2024 at 22:48
Goals
|
| Canadiens |
1 |
0 |
1 |
0 |
0 |
2 |
| Red Wings |
1 |
0 |
1 |
0 |
2 |
3 |
|
Shots
|
| Canadiens |
10 |
6 |
8 |
0 |
2 |
24 |
| Red Wings |
11 |
8 |
5 |
0 |
2 |
24 |
|
1st period
1. Red Wings , T.J. Hensick 1 (Jake Virtanen 5, Colton Parayko 8) at 14:11
2. Canadiens , Chris Kreider 7 (David Pastrnak 9) at 16:41
Penalties :
No Penalty
2nd period
No Goal
Penalties :
David Backes (Det) for High sticking (Minor) at 2:15, David Backes (Det) for High sticking (Minor) at 10:58
3rd period
3. Red Wings , T.J. Hensick 2 (Drew Fata 1) at 7:03
4. Canadiens , William Nylander 4 (Elias Lindholm 3, Derick Brassard 3) at 12:29
Penalties :
Anze Kopitar (Mtl) for Roughing (Double Minor) at 2:44
Overtime #1
No Goal
Penalties :
No Penalty
Shootout
Canadiens, Chris Kreider - Stopped by Alexandar Georgiev
Red Wings, Dylan Larkin - Goal!
Canadiens, David Pastrnak - Stopped by Alexandar Georgiev
Red Wings, Carson Mcmillan - Goal!
Penalties :
No Penalty
Goalie Stats
Ondrej Pavelec (Mtl), 22 saves from 24 shots - (0.917), OTL, 5-3-2, 65:00 minutes
Alexandar Georgiev (Det), 22 saves from 24 shots - (0.917), W, 4-3-2, 65:00 minutes
Players Stats for Canadiens
Player Name G A P +/- PIM S H SB GA TA FO MP PP MP PK MP
------------------------------------------------------------------------------------
Anthony Cirelli 0 0 0 -1 0 1 4 0 2 0 0/1 19:35 1:57 1:25
Anze Kopitar 0 0 0 0 4 0 0 1 0 0 14/21 17:40 0:00 0:00
Brady Skjei 0 0 0 -1 0 1 3 6 1 2 0/0 25:04 2:35 0:21
Chris Kreider 1 0 1 0 0 1 2 1 2 0 1/3 25:22 2:01 1:31
Christian Dvorak 0 0 0 0 0 0 0 0 0 0 0/0 1:36 0:00 1:22
David Pastrnak 0 1 1 0 0 3 1 0 2 0 1/3 19:55 2:01 0:00
Derick Brassard 0 1 1 1 0 4 0 2 0 0 0/0 18:47 0:00 1:03
Elias Lindholm 0 1 1 1 0 4 2 0 0 0 5/8 17:40 1:57 1:12
Filip Hronek 0 0 0 0 0 0 2 1 0 0 0/0 19:01 1:23 1:37
Jacob De La Rose 0 0 0 0 0 0 0 1 0 0 1/4 6:59 0:00 0:00
Jeff Schultz 0 0 0 0 0 0 0 3 0 2 0/0 23:01 0:00 2:01
Marc Staal 0 0 0 1 0 0 0 1 0 0 0/0 18:26 0:00 1:37
Matthew Tkachuk 0 0 0 -1 0 1 3 0 0 0 1/2 17:21 2:01 0:00
Michael Matheson 0 0 0 0 0 1 4 1 0 0 0/0 20:06 1:23 1:33
Patrik Laine 0 0 0 0 0 0 0 0 1 0 0/0 6:59 0:00 0:00
Quinn Hughes 0 0 0 0 0 1 0 0 0 0 0/0 19:22 2:35 0:49
Roope Hintz 0 0 0 -1 0 1 0 2 1 0 2/13 13:46 0:00 0:00
William Nylander 1 0 1 1 0 6 3 0 0 0 1/2 20:20 1:57 1:25
Players Stats for Red Wings
Player Name G A P +/- PIM S H SB GA TA FO MP PP MP PK MP
------------------------------------------------------------------------------------
Brendan Lemieux 0 0 0 -1 0 1 3 0 0 1 1/1 20:56 1:36 0:59
Carson Mcmillan 0 0 0 0 0 1 1 0 0 0 0/1 11:52 0:48 1:54
Charlie Coyle 0 0 0 0 0 2 1 0 0 1 10/15 18:17 1:32 0:11
Colton Parayko 0 1 1 0 0 1 1 0 1 0 0/0 25:03 1:40 1:44
Connor Brown 0 0 0 0 0 3 0 0 1 0 2/3 18:25 1:39 0:00
Danton Heinen 0 0 0 0 0 3 1 0 0 1 0/1 18:01 1:32 0:00
David Backes 0 0 0 0 4 3 2 0 0 0 2/3 20:03 1:22 0:00
Drew Fata 0 1 1 1 0 0 1 1 0 1 0/0 19:11 0:38 1:44
Dylan Larkin 0 0 0 -1 0 2 1 0 0 0 9/21 20:26 1:39 0:00
Hampus Lindholm 0 0 0 0 0 0 1 0 0 3 0/0 24:00 1:40 0:00
Jake Virtanen 0 1 1 0 0 2 2 0 0 0 0/0 13:09 1:41 0:00
Lucas Lessio 0 0 0 0 0 0 2 0 0 0 0/0 9:51 0:30 0:58
Marco Scandella 0 0 0 -1 0 1 0 0 0 1 0/0 17:51 0:38 2:14
Max Reinhart 0 0 0 0 0 0 1 0 1 0 3/4 10:33 0:38 0:59
Philip Samuelsson 0 0 0 -1 0 2 1 2 0 1 0/0 18:31 1:41 0:00
Roland McKeown 0 0 0 1 0 0 1 1 0 0 0/0 18:30 0:00 2:14
T.J. Hensick 2 0 2 1 0 2 2 1 0 0 4/7 13:05 0:00 1:56
Tye McGinn 0 0 0 1 0 1 2 0 1 0 0/1 13:16 0:41 0:59
3 Stars
1 - T.J. Hensick (Det)
2 - William Nylander (Mtl)
3 - Chris Kreider (Mtl)
Power Play
Canadiens - 0 on 2 Attempt(s) - 0.00%
Red Wings - 0 on 2 Attempt(s) - 0.00%
Penalty Kill
Canadiens - 2 on 2 Attempt(s) - 100.00%
- Score 0 goal in Penalty Kill
Red Wings - 2 on 2 Attempt(s) - 100.00%
- Score 0 goal in Penalty Kill
Team Stat
Canadiens - Hits : 24 - Faceoff Wins : 26 - Blocked Shots : 19 - Penalty Minutes : 4
Red Wings - Hits : 23 - Faceoff Wins : 31 - Blocked Shots : 5 - Penalty Minutes : 4
Official
Referees : Garrett Rank and Justin St. Pierre
Linesman : David Brisebois and Kyle Flemington
Game Notes
No Game Note
Finance
Level 1 -- Attendance: 6000 (100.00%) -- Ticket Income $600,000
Level 2 -- Attendance: 4978 (99.56%) -- Ticket Income $348,460
Level 3 -- Attendance: 1936 (96.80%) -- Ticket Income $77,440
Level 4 -- Attendance: 3524 (88.10%) -- Ticket Income $105,720
Luxury Box -- Attendance: 910 (91.00%) -- Ticket Income $182,000
Game was played at the Little Caesars arena.
Total Attendance: 17348 (96.38%)
Total Ticket Income: $1,313,620
Other Income: $197,043
Total Income: $1,510,663
Canadiens
5 vs 5 Forward
Center Left Wing Right Wing Time % Phy DF OF
1 Anze Kopitar Chris Kreider David Pastrnak 40 1 2 2
2 Elias Lindholm Derick Brassard William Nylander 25 1 2 2
3 Roope Hintz Anthony Cirelli Matthew Tkachuk 25 1 2 2
4 Jacob De La Rose Chris Kreider Patrik Laine 10 1 2 2
5 vs 5 Defense
Defense Defense Time % Phy DF OF
1 Brady Skjei Jeff Schultz 40 1 2 2
2 Marc Staal Michael Matheson 30 1 2 2
3 Quinn Hughes Filip Hronek 30 1 2 2
4 Brady Skjei Jeff Schultz 0 1 2 2
PowerPlay Forward
Center Left Wing Right Wing Time % Phy DF OF
1 Matthew Tkachuk Chris Kreider David Pastrnak 60 1 2 2
2 Elias Lindholm Anthony Cirelli William Nylander 40 1 2 2
PowerPlay Defense
Defense Defense Time % Phy DF OF
1 Brady Skjei Quinn Hughes 60 1 2 2
2 Filip Hronek Michael Matheson 40 1 2 2
Penalty Kill 4 Players Forward
Center Wing Time % Phy DF OF
1 Anze Kopitar Chris Kreider 60 1 2 2
2 Jacob De La Rose Derick Brassard 40 1 2 2
Penalty Kill 4 Players Defense
Defense Defense Time % Phy DF OF
1 Michael Matheson Jeff Schultz 60 1 2 2
2 Marc Staal Filip Hronek 40 1 2 2
Penalty Kill - 3 Players Forward
Forward Time % Phy DF OF
1 Anze Kopitar 60 1 2 2
2 Elias Lindholm 40 1 2 2
Penalty Kill - 3 Players Defense
Defense Defense Time % Phy DF OF
1 Brady Skjei Jeff Schultz 60 1 2 2
2 Marc Staal Michael Matheson 40 1 2 2
4 vs 4 Forward
Center Wing Time % Phy DF OF
1 Anze Kopitar Chris Kreider 60 1 2 2
2 Elias Lindholm Derick Brassard 40 1 2 2
4 vs 4 Defense
Defense Defense Time % Phy DF OF
1 Brady Skjei Jeff Schultz 60 1 2 2
2 Marc Staal Michael Matheson 40 1 2 2
Last Minutes Offensive
Center Left Wing Right Wing Defense Defense
Anze Kopitar Chris Kreider David Pastrnak Brady Skjei Jeff Schultz
Last Minutes Defensive
Center Left Wing Right Wing Defense Defense
Anze Kopitar Chris Kreider David Pastrnak Brady Skjei Jeff Schultz
Goaltenders
Starting : Ondrej Pavelec
Backup : Igor Shesterkin
Extra Forwards
Normal : William Nylander, Matthew Tkachuk, Anthony Cirelli - PP : William Nylander, Matthew Tkachuk - PK : William Nylander
Extra Defensemen
Normal : Michael Matheson, Quinn Hughes, Filip Hronek - PP : Michael Matheson - PK : Michael Matheson, Quinn Hughes
Penalty Shots
Chris Kreider, David Pastrnak, Derick Brassard, Anze Kopitar, William Nylander
Custom OT Lines Forwards
Chris Kreider, David Pastrnak, Derick Brassard, Anze Kopitar, William Nylander, Matthew Tkachuk, Anthony Cirelli, Elias Lindholm, Roope Hintz, Jacob De La Rose
Custom OT Lines Defensemen
Brady Skjei, Jeff Schultz, Marc Staal, Michael Matheson, Quinn Hughes
Scratches
Zac Rinaldo (Healthy), Auston Matthews (Strained Groin Injury)
Red Wings
5 vs 5 Forward
Center Left Wing Right Wing Time % Phy DF OF
1 Dylan Larkin Brendan Lemieux David Backes 35 1 2 2
2 Charlie Coyle Danton Heinen Connor Brown 35 1 2 2
3 T.J. Hensick Tye McGinn Jake Virtanen 20 1 2 2
4 Max Reinhart Lucas Lessio Carson Mcmillan 10 1 2 2
5 vs 5 Defense
Defense Defense Time % Phy DF OF
1 Hampus Lindholm Colton Parayko 40 1 2 2
2 Marco Scandella Philip Samuelsson 30 1 2 2
3 Drew Fata Roland McKeown 20 1 2 2
4 Drew Fata Roland McKeown 10 1 2 2
PowerPlay Forward
Center Left Wing Right Wing Time % Phy DF OF
1 Dylan Larkin Brendan Lemieux Connor Brown 60 1 2 2
2 Charlie Coyle Danton Heinen David Backes 40 1 2 2
PowerPlay Defense
Defense Defense Time % Phy DF OF
1 Hampus Lindholm Colton Parayko 60 1 2 2
2 Philip Samuelsson Jake Virtanen 40 1 2 2
Penalty Kill 4 Players Forward
Center Wing Time % Phy DF OF
1 T.J. Hensick Carson Mcmillan 60 1 2 2
2 Max Reinhart Tye McGinn 40 1 2 2
Penalty Kill 4 Players Defense
Defense Defense Time % Phy DF OF
1 Marco Scandella Roland McKeown 60 1 2 2
2 Colton Parayko Drew Fata 40 1 2 2
Penalty Kill - 3 Players Forward
Forward Time % Phy DF OF
1 Carson Mcmillan 60 1 2 2
2 Max Reinhart 40 1 2 2
Penalty Kill - 3 Players Defense
Defense Defense Time % Phy DF OF
1 Marco Scandella Roland McKeown 60 1 2 2
2 Drew Fata Colton Parayko 40 1 2 2
4 vs 4 Forward
Center Wing Time % Phy DF OF
1 Dylan Larkin Connor Brown 60 1 2 2
2 Charlie Coyle Brendan Lemieux 40 1 2 2
4 vs 4 Defense
Defense Defense Time % Phy DF OF
1 Hampus Lindholm Philip Samuelsson 60 1 2 2
2 Colton Parayko Marco Scandella 40 1 2 2
Last Minutes Offensive
Center Left Wing Right Wing Defense Defense
Dylan Larkin Brendan Lemieux Connor Brown Hampus Lindholm Philip Samuelsson
Last Minutes Defensive
Center Left Wing Right Wing Defense Defense
T.J. Hensick Tye McGinn Carson Mcmillan Colton Parayko Roland McKeown
Goaltenders
Starting : Alexandar Georgiev
Backup : Frederik Andersen
Extra Forwards
Normal : David Backes, T.J. Hensick, Tye McGinn - PP : Tye McGinn, Max Reinhart - PK : Lucas Lessio
Extra Defensemen
Normal : Roland McKeown, Philip Samuelsson, Marco Scandella - PP : Marco Scandella - PK : Philip Samuelsson, Hampus Lindholm
Penalty Shots
Dylan Larkin, Carson Mcmillan, Charlie Coyle, Max Reinhart, Connor Brown
Custom OT Lines Forwards
Dylan Larkin, Connor Brown, Brendan Lemieux, Charlie Coyle, Danton Heinen, David Backes, Jake Virtanen, Carson Mcmillan, Max Reinhart, T.J. Hensick
Custom OT Lines Defensemen
Hampus Lindholm, Philip Samuelsson, Colton Parayko, Roland McKeown, Marco Scandella
Scratches
Brendan Woods (Healthy), Martin Marincin (Healthy)
% Time on Ice - Canadiens
Lines # - Real PCT - Wanted PCT - Time Play
Normal Forward
1 - 32% - 40% - 16:47
2 - 28% - 25% - 14:31
3 - 26% - 25% - 13:46
4 - 13% - 10% - 6:59
Normal Defense
1 - 39% - 40% - 20:29
2 - 31% - 30% - 16:05
3 - 30% - 30% - 15:29
4 - 0% - 0% - 0:00
PP Forward
1 - 51% - 60% - 2:01
2 - 49% - 40% - 1:57
PP Defense
1 - 65% - 60% - 2:35
2 - 35% - 40% - 1:23
PK Forward
1 - 100% - 60% - 3:59
2 - 0% - 40% - 0:00
PK Defense
1 - 59% - 60% - 2:22
2 - 41% - 40% - 1:37
PK3 Forward
1 - 0% - 60%
2 - 0% - 40%
PK3 Defense
1 - 0% - 60%
2 - 0% - 40%
44 Forward
1 - 0% - 60%
2 - 0% - 40%
44 Defense
1 - 0% - 60%
2 - 0% - 40%
Last Minute Offensive - 0:00
Last Minute Defensive - 0:00
Total
Forward - 60:00
Defense - 60:00
|
% Time on Ice - Red Wings
Lines # - Real PCT - Wanted PCT - Time Play
Normal Forward
1 - 34% - 35% - 17:34
2 - 30% - 35% - 15:28
3 - 21% - 20% - 10:51
4 - 16% - 10% - 8:10
Normal Defense
1 - 39% - 40% - 20:25
2 - 33% - 30% - 16:58
3 - 19% - 20% - 9:58
4 - 9% - 10% - 4:42
PP Forward
1 - 62% - 60% - 2:27
2 - 38% - 40% - 1:32
PP Defense
1 - 58% - 60% - 2:18
2 - 42% - 40% - 1:41
PK Forward
1 - 75% - 60% - 2:59
2 - 25% - 40% - 0:59
PK Defense
1 - 56% - 60% - 2:14
2 - 44% - 40% - 1:44
PK3 Forward
1 - 0% - 60%
2 - 0% - 40%
PK3 Defense
1 - 0% - 60%
2 - 0% - 40%
44 Forward
1 - 0% - 60%
2 - 0% - 40%
44 Defense
1 - 0% - 60%
2 - 0% - 40%
Last Minute Offensive - 0:00
Last Minute Defensive - 0:00
Total
Forward - 60:00
Defense - 60:00
|
Play-by-Play
1st period
0:01 of 1st period - Chris Kreider wins face-off versus Dylan Larkin in neutral zone.
0:55 of 1st period - Wrist shot by Lucas Lessio.
0:55 of 1st period - Shot Misses the Net.
0:57 of 1st period - Snap shot by Max Reinhart.
0:57 of 1st period - Deflect By Lucas Lessio.
0:57 of 1st period - Shot Misses the Net.
0:57 of 1st period - Puck is out of play.
0:58 of 1st period - Max Reinhart wins face-off versus Jacob De La Rose in Canadiens zone.
1:07 of 1st period - Wrist shot by Carson Mcmillan.
1:07 of 1st period - Stopped by Ondrej Pavelec with a rebound.
1:17 of 1st period - Quinn Hughes is hit by Carson Mcmillan and loses puck.
1:42 of 1st period - Slapshot by Connor Brown.
1:42 of 1st period - Shot Blocked by Roope Hintz.
1:49 of 1st period - Icing by Quinn Hughes.
1:50 of 1st period - T.J. Hensick wins face-off versus Roope Hintz in Canadiens zone.
1:51 of 1st period - Slapshot by Jake Virtanen.
1:51 of 1st period - Stopped by Ondrej Pavelec without a rebound.
1:52 of 1st period - Anze Kopitar wins face-off versus Dylan Larkin in Canadiens zone.
2:39 of 1st period - Wrist shot by Connor Brown.
2:39 of 1st period - Shot Blocked by Jeff Schultz.
2:41 of 1st period - Slapshot by Marco Scandella.
2:41 of 1st period - Shot Misses the Net.
2:43 of 1st period - Wrist shot by Charlie Coyle.
2:43 of 1st period - Shot Misses the Net.
2:49 of 1st period - Wrist shot by Connor Brown.
2:49 of 1st period - Stopped by Ondrej Pavelec without a rebound.
2:50 of 1st period - Anze Kopitar wins face-off versus Dylan Larkin in Canadiens zone.
3:17 of 1st period - Roland McKeown is hit by William Nylander and loses puck.
4:20 of 1st period - Icing by Jacob De La Rose.
4:21 of 1st period - Elias Lindholm wins face-off versus Carson Mcmillan in Canadiens zone.
4:26 of 1st period - Max Reinhart is hit by Filip Hronek and loses puck.
4:51 of 1st period - Snap shot by Elias Lindholm.
4:51 of 1st period - Stopped by Alexandar Georgiev with a rebound.
4:53 of 1st period - Wrist shot by Quinn Hughes.
4:53 of 1st period - Shot Blocked by Philip Samuelsson.
4:55 of 1st period - Slapshot by Filip Hronek.
4:55 of 1st period - Deflect By Elias Lindholm.
4:55 of 1st period - Stopped by Alexandar Georgiev with a rebound.
4:57 of 1st period - Wrist shot by Elias Lindholm.
4:57 of 1st period - Shot Misses the Net.
4:59 of 1st period - Slapshot by Filip Hronek.
4:59 of 1st period - Shot Misses the Net.
5:27 of 1st period - Slapshot by Derick Brassard.
5:27 of 1st period - Shot Misses the Net.
6:09 of 1st period - Slapshot by Philip Samuelsson.
6:09 of 1st period - Deflect By William Nylander.
6:09 of 1st period - Stopped by Ondrej Pavelec without a rebound.
6:10 of 1st period - Anze Kopitar wins face-off versus Charlie Coyle in Canadiens zone.
6:37 of 1st period - Jeff Schultz is hit by Tye McGinn and loses puck.
6:54 of 1st period - Slapshot by David Pastrnak.
6:54 of 1st period - Stopped by Alexandar Georgiev without a rebound.
6:55 of 1st period - Dylan Larkin wins face-off versus Roope Hintz in Red Wings zone.
7:22 of 1st period - Connor Brown is hit by Michael Matheson and loses puck.
7:33 of 1st period - Snap shot by Connor Brown.
7:33 of 1st period - Shot Misses the Net.
8:09 of 1st period - Off-side.
8:10 of 1st period - Connor Brown wins face-off versus Jacob De La Rose in neutral zone.
8:17 of 1st period - Snap shot by Danton Heinen.
8:17 of 1st period - Stopped by Ondrej Pavelec without a rebound.
8:18 of 1st period - Jacob De La Rose wins face-off versus Dylan Larkin in Canadiens zone.
9:47 of 1st period - Snap shot by Dylan Larkin.
9:47 of 1st period - Stopped by Ondrej Pavelec with a rebound.
10:03 of 1st period - Quinn Hughes is hit by Danton Heinen and loses puck.
10:37 of 1st period - Philip Samuelsson is hit by Elias Lindholm and loses puck.
10:54 of 1st period - Wrist shot by Tye McGinn.
10:54 of 1st period - Stopped by Ondrej Pavelec without a rebound.
10:55 of 1st period - David Backes wins face-off versus Roope Hintz in Canadiens zone.
11:22 of 1st period - Colton Parayko is hit by Brady Skjei and loses puck.
11:27 of 1st period - Snap shot by William Nylander.
11:27 of 1st period - Shot Misses the Net.
11:29 of 1st period - Wrist shot by William Nylander.
11:29 of 1st period - Deflect By Derick Brassard.
11:29 of 1st period - Shot Misses the Net.
11:29 of 1st period - Puck is out of play.
11:30 of 1st period - Anze Kopitar wins face-off versus Charlie Coyle in Red Wings zone.
11:31 of 1st period - Wrist shot by David Pastrnak.
11:31 of 1st period - Stopped by Alexandar Georgiev with a rebound.
12:01 of 1st period - Wrist shot by Chris Kreider.
12:01 of 1st period - Deflect By Anthony Cirelli.
12:01 of 1st period - Shot Misses the Net.
12:01 of 1st period - Puck is out of play.
12:02 of 1st period - Roope Hintz wins face-off versus Dylan Larkin in Red Wings zone.
12:05 of 1st period - Wrist shot by Matthew Tkachuk.
12:05 of 1st period - Stopped by Alexandar Georgiev without a rebound.
12:06 of 1st period - Dylan Larkin wins face-off versus Chris Kreider in Red Wings zone.
12:37 of 1st period - Wrist shot by Roope Hintz.
12:37 of 1st period - Stopped by Alexandar Georgiev with a rebound.
12:39 of 1st period - Snap shot by Anthony Cirelli.
12:39 of 1st period - Shot Misses the Net.
12:41 of 1st period - Wrist shot by Matthew Tkachuk.
12:41 of 1st period - Deflect By Roope Hintz.
12:41 of 1st period - Shot Misses the Net.
12:41 of 1st period - Puck is out of play.
12:42 of 1st period - Charlie Coyle wins face-off versus Roope Hintz in Red Wings zone.
13:28 of 1st period - Filip Hronek is hit by Brendan Lemieux and loses puck.
13:39 of 1st period - Snap shot by Derick Brassard.
13:39 of 1st period - Stopped by Alexandar Georgiev without a rebound.
13:40 of 1st period - Elias Lindholm wins face-off versus T.J. Hensick in Red Wings zone.
13:43 of 1st period - Slapshot by Derick Brassard.
13:43 of 1st period - Stopped by Alexandar Georgiev without a rebound.
13:44 of 1st period - Charlie Coyle wins face-off versus Elias Lindholm in Red Wings zone.
13:55 of 1st period - Snap shot by Charlie Coyle.
13:55 of 1st period - Stopped by Ondrej Pavelec without a rebound.
13:56 of 1st period - Anze Kopitar wins face-off versus T.J. Hensick in Canadiens zone.
14:01 of 1st period - Snap shot by Jake Virtanen.
14:01 of 1st period - Shot Blocked by Jeff Schultz.
14:03 of 1st period - Snap shot by Colton Parayko.
14:03 of 1st period - Stopped by Ondrej Pavelec with a rebound.
14:05 of 1st period - Snap shot by T.J. Hensick.
14:05 of 1st period - Shot Misses the Net.
14:07 of 1st period - Wrist shot by T.J. Hensick.
14:07 of 1st period - Shot Misses the Net.
14:09 of 1st period - Wrist shot by Jake Virtanen.
14:09 of 1st period - Shot Misses the Net.
14:11 of 1st period - Wrist shot by T.J. Hensick.
14:11 of 1st period - Goal by T.J. Hensick - Canadiens : 0 - Red Wings : 1.
14:12 of 1st period - Anze Kopitar wins face-off versus Dylan Larkin in neutral zone.
14:15 of 1st period - Colton Parayko is hit by Chris Kreider and loses puck.
14:58 of 1st period - Backhand shot by Connor Brown.
14:58 of 1st period - Shot Misses the Net.
15:00 of 1st period - Slapshot by Hampus Lindholm.
15:00 of 1st period - Shot Blocked by Michael Matheson.
15:46 of 1st period - Anze Kopitar is hit by Brendan Lemieux and loses puck.
15:59 of 1st period - Roland McKeown is hit by William Nylander and loses puck.
16:08 of 1st period - Wrist shot by William Nylander.
16:08 of 1st period - Stopped by Alexandar Georgiev without a rebound.
16:09 of 1st period - Charlie Coyle wins face-off versus Anthony Cirelli in Red Wings zone.
16:41 of 1st period - Wrist shot by Chris Kreider.
16:41 of 1st period - Goal by Chris Kreider - Canadiens : 1 - Red Wings : 1.
16:42 of 1st period - Dylan Larkin wins face-off versus Anze Kopitar in neutral zone.
16:47 of 1st period - Snap shot by David Backes.
16:47 of 1st period - Stopped by Ondrej Pavelec with a rebound.
17:09 of 1st period - Drew Fata is hit by Anthony Cirelli and loses puck.
17:17 of 1st period - Off-side.
17:18 of 1st period - Charlie Coyle wins face-off versus Elias Lindholm in neutral zone.
18:07 of 1st period - Brady Skjei is hit by T.J. Hensick and loses puck.
18:53 of 1st period - Slapshot by David Pastrnak.
18:53 of 1st period - Shot Blocked by Roland McKeown.
19:22 of 1st period - Snap shot by Connor Brown.
19:22 of 1st period - Deflect By Danton Heinen.
19:22 of 1st period - Shot Misses the Net.
19:22 of 1st period - Puck is out of play.
19:23 of 1st period - Charlie Coyle wins face-off versus Jacob De La Rose in Canadiens zone.
19:46 of 1st period - Wrist shot by Charlie Coyle.
19:46 of 1st period - Shot Misses the Net.
Goals for this period are 1 for Canadiens vs 1 for Red Wings.
Shots for this period are 10 for Canadiens vs 11 for Red Wings.
2nd period
0:01 of 2nd period - David Backes wins face-off versus Anze Kopitar in neutral zone.
0:27 of 2nd period - Tye McGinn is hit by Michael Matheson.
0:32 of 2nd period - Off-side.
0:33 of 2nd period - Charlie Coyle wins face-off versus Roope Hintz in neutral zone.
1:09 of 2nd period - Jeff Schultz is hit by Dylan Larkin.
1:31 of 2nd period - Brady Skjei is hit by Jake Virtanen and loses puck.
1:44 of 2nd period - Wrist shot by Derick Brassard.
1:44 of 2nd period - Shot Blocked by Philip Samuelsson.
1:46 of 2nd period - Slapshot by William Nylander.
1:46 of 2nd period - Deflect By Derick Brassard.
1:46 of 2nd period - Shot Misses the Net.
1:46 of 2nd period - Puck is out of play.
1:47 of 2nd period - Elias Lindholm wins face-off versus Max Reinhart in Red Wings zone.
1:50 of 2nd period - Wrist shot by William Nylander.
1:50 of 2nd period - Shot Blocked by Drew Fata.
1:54 of 2nd period - Wrist shot by William Nylander.
1:54 of 2nd period - Stopped by Alexandar Georgiev with a rebound.
1:56 of 2nd period - Snap shot by William Nylander.
1:56 of 2nd period - Shot Misses the Net.
1:58 of 2nd period - Wrist shot by Elias Lindholm.
1:58 of 2nd period - Stopped by Alexandar Georgiev without a rebound.
1:59 of 2nd period - Dylan Larkin wins face-off versus Chris Kreider in Red Wings zone.
2:15 of 2nd period - Minor Penalty to David Backes for High sticking.
2:16 of 2nd period - T.J. Hensick wins face-off versus Matthew Tkachuk in Red Wings zone.
2:47 of 2nd period - Wrist shot by Brady Skjei.
2:47 of 2nd period - Shot Blocked by T.J. Hensick.
2:49 of 2nd period - Slapshot by Quinn Hughes.
2:49 of 2nd period - Shot Misses the Net.
2:51 of 2nd period - Slapshot by Brady Skjei.
2:51 of 2nd period - Shot Misses the Net.
4:15 of 2nd period - Penalty to David Backes is over, David Backes is back on ice.
4:48 of 2nd period - Brendan Lemieux is hit by David Pastrnak and loses puck.
6:10 of 2nd period - Slapshot by Colton Parayko.
6:10 of 2nd period - Shot Misses the Net.
6:14 of 2nd period - Wrist shot by Lucas Lessio.
6:14 of 2nd period - Shot Blocked by Brady Skjei.
6:16 of 2nd period - Slapshot by Max Reinhart.
6:16 of 2nd period - Shot Blocked by Derick Brassard.
6:36 of 2nd period - Icing by Derick Brassard.
6:37 of 2nd period - Dylan Larkin wins face-off versus Elias Lindholm in Canadiens zone.
6:46 of 2nd period - Wrist shot by David Backes.
6:46 of 2nd period - Stopped by Ondrej Pavelec with a rebound.
6:52 of 2nd period - Marc Staal is hit by David Backes and loses puck.
7:09 of 2nd period - Snap shot by William Nylander.
7:09 of 2nd period - Stopped by Alexandar Georgiev with a rebound.
7:11 of 2nd period - Slapshot by Derick Brassard.
7:11 of 2nd period - Stopped by Alexandar Georgiev with a rebound.
7:13 of 2nd period - Slapshot by Michael Matheson.
7:13 of 2nd period - Deflect By William Nylander.
7:13 of 2nd period - Shot Misses the Net.
7:13 of 2nd period - Puck is out of play.
7:14 of 2nd period - Anze Kopitar wins face-off versus Danton Heinen in Red Wings zone.
8:14 of 2nd period - Snap shot by Connor Brown.
8:14 of 2nd period - Stopped by Ondrej Pavelec with a rebound.
8:16 of 2nd period - Slapshot by Connor Brown.
8:16 of 2nd period - Shot Misses the Net.
8:32 of 2nd period - Snap shot by Danton Heinen.
8:32 of 2nd period - Deflect By Charlie Coyle.
8:32 of 2nd period - Shot Blocked by Roope Hintz.
8:32 of 2nd period - Puck is out of play.
8:33 of 2nd period - Anze Kopitar wins face-off versus Dylan Larkin in Canadiens zone.
8:33 of 2nd period - Anze Kopitar is hit by Roland McKeown.
9:28 of 2nd period - Slapshot by David Pastrnak.
9:28 of 2nd period - Deflect By Anze Kopitar.
9:28 of 2nd period - Shot Misses the Net.
9:28 of 2nd period - Puck is out of play.
9:29 of 2nd period - Anze Kopitar wins face-off versus Dylan Larkin in Red Wings zone.
9:32 of 2nd period - Snap shot by Anthony Cirelli.
9:32 of 2nd period - Shot Misses the Net.
9:34 of 2nd period - Snap shot by Anthony Cirelli.
9:34 of 2nd period - Stopped by Alexandar Georgiev with a rebound.
9:36 of 2nd period - Wrist shot by David Pastrnak.
9:36 of 2nd period - Shot Misses the Net.
10:00 of 2nd period - Brady Skjei is hit by T.J. Hensick and loses puck.
10:14 of 2nd period - Off-side.
10:15 of 2nd period - Max Reinhart wins face-off versus Roope Hintz in neutral zone.
10:24 of 2nd period - Hampus Lindholm is hit by Anthony Cirelli and loses puck.
10:58 of 2nd period - Minor Penalty to David Backes for High sticking.
10:59 of 2nd period - Matthew Tkachuk wins face-off versus T.J. Hensick in Red Wings zone.
12:58 of 2nd period - Penalty to David Backes is over, David Backes is back on ice.
13:55 of 2nd period - Snap shot by Charlie Coyle.
13:55 of 2nd period - Shot Blocked by Filip Hronek.
13:57 of 2nd period - Wrist shot by Danton Heinen.
13:57 of 2nd period - Stopped by Ondrej Pavelec with a rebound.
13:59 of 2nd period - Wrist shot by Connor Brown.
13:59 of 2nd period - Deflect By Charlie Coyle.
13:59 of 2nd period - Stopped by Ondrej Pavelec with a rebound.
14:07 of 2nd period - Wrist shot by Connor Brown.
14:07 of 2nd period - Shot Misses the Net.
14:09 of 2nd period - Wrist shot by Connor Brown.
14:09 of 2nd period - Stopped by Ondrej Pavelec with a rebound.
14:11 of 2nd period - Slapshot by Colton Parayko.
14:11 of 2nd period - Shot Blocked by Jeff Schultz.
14:13 of 2nd period - Slapshot by Danton Heinen.
14:13 of 2nd period - Stopped by Ondrej Pavelec without a rebound.
14:14 of 2nd period - Anze Kopitar wins face-off versus Dylan Larkin in Canadiens zone.
14:22 of 2nd period - Marc Staal is hit by David Backes and loses puck.
14:41 of 2nd period - Marco Scandella is hit by Matthew Tkachuk and loses puck.
16:06 of 2nd period - Derick Brassard is hit by Lucas Lessio.
16:10 of 2nd period - William Nylander is hit by Philip Samuelsson and loses puck.
16:36 of 2nd period - Chris Kreider is hit by Drew Fata and loses puck.
16:57 of 2nd period - Elias Lindholm is hit by Lucas Lessio and loses puck.
17:43 of 2nd period - Patrik Laine is hit by Colton Parayko and loses puck.
17:59 of 2nd period - Carson Mcmillan is hit by Anthony Cirelli and loses puck.
18:23 of 2nd period - Marc Staal is hit by Charlie Coyle and loses puck.
18:45 of 2nd period - Quinn Hughes is hit by Tye McGinn and loses puck.
19:04 of 2nd period - Wrist shot by Matthew Tkachuk.
19:04 of 2nd period - Shot Misses the Net.
19:18 of 2nd period - Snap shot by Dylan Larkin.
19:18 of 2nd period - Deflect By David Backes.
19:18 of 2nd period - Stopped by Ondrej Pavelec without a rebound.
19:19 of 2nd period - Elias Lindholm wins face-off versus Dylan Larkin in Canadiens zone.
19:21 of 2nd period - Jeff Schultz is hit by Brendan Lemieux.
19:35 of 2nd period - Snap shot by Dylan Larkin.
19:35 of 2nd period - Shot Misses the Net.
19:37 of 2nd period - Slapshot by Marco Scandella.
19:37 of 2nd period - Shot Misses the Net.
19:49 of 2nd period - Slapshot by Dylan Larkin.
19:49 of 2nd period - Stopped by Ondrej Pavelec without a rebound.
19:50 of 2nd period - Anze Kopitar wins face-off versus Charlie Coyle in Canadiens zone.
19:50 of 2nd period - Anze Kopitar is hit by Hampus Lindholm.
19:58 of 2nd period - Snap shot by Anze Kopitar.
19:58 of 2nd period - Deflect By David Pastrnak.
19:58 of 2nd period - Stopped by Alexandar Georgiev with a rebound.
Goals for this period are 0 for Canadiens vs 0 for Red Wings.
Shots for this period are 6 for Canadiens vs 8 for Red Wings.
3rd period
0:01 of 3rd period - Anze Kopitar wins face-off versus David Backes in neutral zone.
1:35 of 3rd period - Slapshot by Filip Hronek.
1:35 of 3rd period - Deflect By Matthew Tkachuk.
1:35 of 3rd period - Shot Misses the Net.
1:35 of 3rd period - Puck is out of play.
1:36 of 3rd period - Dylan Larkin wins face-off versus Roope Hintz in Red Wings zone.
1:40 of 3rd period - Off-side.
1:41 of 3rd period - Dylan Larkin wins face-off versus Anze Kopitar in neutral zone.
1:44 of 3rd period - Slapshot by Marco Scandella.
1:44 of 3rd period - Stopped by Ondrej Pavelec without a rebound.
1:45 of 3rd period - Dylan Larkin wins face-off versus Anze Kopitar in Canadiens zone.
1:54 of 3rd period - Marco Scandella is hit by Michael Matheson and loses puck.
2:37 of 3rd period - Slapshot by Connor Brown.
2:37 of 3rd period - Deflect By Danton Heinen.
2:37 of 3rd period - Shot Misses the Net.
2:37 of 3rd period - Puck is out of play.
2:38 of 3rd period - Charlie Coyle wins face-off versus David Pastrnak in Canadiens zone.
2:44 of 3rd period - Double Minor Penalty to Anze Kopitar for Roughing.
2:45 of 3rd period - William Nylander wins face-off versus Dylan Larkin in Canadiens zone.
5:11 of 3rd period - Derick Brassard is hit by Jake Virtanen.
6:40 of 3rd period - Icing by Carson Mcmillan.
6:41 of 3rd period - Max Reinhart wins face-off versus William Nylander in Red Wings zone.
6:41 of 3rd period - Max Reinhart is hit by Brady Skjei.
6:44 of 3rd period - Penalty to Anze Kopitar is over, Anze Kopitar is back on ice.
7:03 of 3rd period - Slapshot by T.J. Hensick.
7:03 of 3rd period - Goal by T.J. Hensick - Canadiens : 1 - Red Wings : 2.
7:04 of 3rd period - Charlie Coyle wins face-off versus Anze Kopitar in neutral zone.
7:09 of 3rd period - Slapshot by Danton Heinen.
7:09 of 3rd period - Shot Misses the Net.
7:13 of 3rd period - Wrist shot by Danton Heinen.
7:13 of 3rd period - Shot Misses the Net.
7:37 of 3rd period - Wrist shot by Matthew Tkachuk.
7:37 of 3rd period - Shot Misses the Net.
7:39 of 3rd period - Slapshot by Brady Skjei.
7:39 of 3rd period - Stopped by Alexandar Georgiev with a rebound.
7:41 of 3rd period - Snap shot by Matthew Tkachuk.
7:41 of 3rd period - Deflect By Roope Hintz.
7:41 of 3rd period - Shot Misses the Net.
7:41 of 3rd period - Puck is out of play.
7:42 of 3rd period - T.J. Hensick wins face-off versus Roope Hintz in Red Wings zone.
7:42 of 3rd period - T.J. Hensick is hit by Filip Hronek.
7:58 of 3rd period - Slapshot by Quinn Hughes.
7:58 of 3rd period - Stopped by Alexandar Georgiev without a rebound.
7:59 of 3rd period - Anze Kopitar wins face-off versus Charlie Coyle in Red Wings zone.
8:14 of 3rd period - Snap shot by Danton Heinen.
8:14 of 3rd period - Shot Misses the Net.
8:16 of 3rd period - Snap shot by Colton Parayko.
8:16 of 3rd period - Shot Blocked by Brady Skjei.
8:26 of 3rd period - Dylan Larkin is hit by Anthony Cirelli and loses puck.
8:51 of 3rd period - Snap shot by Jake Virtanen.
8:51 of 3rd period - Shot Blocked by Derick Brassard.
9:21 of 3rd period - Snap shot by Charlie Coyle.
9:21 of 3rd period - Shot Blocked by Jacob De La Rose.
9:40 of 3rd period - Matthew Tkachuk is hit by Max Reinhart.
11:16 of 3rd period - Off-side.
11:17 of 3rd period - Charlie Coyle wins face-off versus Roope Hintz in neutral zone.
11:26 of 3rd period - Snap shot by Danton Heinen.
11:26 of 3rd period - Deflect By Connor Brown.
11:26 of 3rd period - Shot Blocked by Brady Skjei.
11:26 of 3rd period - Puck is out of play.
11:27 of 3rd period - Charlie Coyle wins face-off versus Anze Kopitar in Canadiens zone.
11:42 of 3rd period - Slapshot by Danton Heinen.
11:42 of 3rd period - Shot Misses the Net.
12:27 of 3rd period - Snap shot by Elias Lindholm.
12:27 of 3rd period - Stopped by Alexandar Georgiev with a rebound.
12:29 of 3rd period - Slapshot by William Nylander.
12:29 of 3rd period - Goal by William Nylander - Canadiens : 2 - Red Wings : 2.
12:30 of 3rd period - Anze Kopitar wins face-off versus Charlie Coyle in neutral zone.
12:42 of 3rd period - Slapshot by Hampus Lindholm.
12:42 of 3rd period - Shot Blocked by Anze Kopitar.
12:50 of 3rd period - Colton Parayko is hit by Chris Kreider and loses puck.
13:40 of 3rd period - Carson Mcmillan is hit by Michael Matheson and loses puck.
14:19 of 3rd period - Snap shot by David Backes.
14:19 of 3rd period - Shot Misses the Net.
14:25 of 3rd period - Wrist shot by Brendan Lemieux.
14:25 of 3rd period - Shot Misses the Net.
15:33 of 3rd period - Wrist shot by Brendan Lemieux.
15:33 of 3rd period - Deflect By David Backes.
15:33 of 3rd period - Shot Blocked by Chris Kreider.
15:33 of 3rd period - Puck is out of play.
15:34 of 3rd period - T.J. Hensick wins face-off versus Anze Kopitar in Canadiens zone.
15:37 of 3rd period - Wrist shot by Jake Virtanen.
15:37 of 3rd period - Stopped by Ondrej Pavelec with a rebound.
15:39 of 3rd period - Slapshot by Philip Samuelsson.
15:39 of 3rd period - Shot Blocked by Marc Staal.
15:47 of 3rd period - Slapshot by Philip Samuelsson.
15:47 of 3rd period - Shot Misses the Net.
15:59 of 3rd period - Dylan Larkin is hit by Matthew Tkachuk and loses puck.
16:26 of 3rd period - Snap shot by William Nylander.
16:26 of 3rd period - Stopped by Alexandar Georgiev without a rebound.
16:27 of 3rd period - Elias Lindholm wins face-off versus Tye McGinn in Red Wings zone.
16:38 of 3rd period - T.J. Hensick is hit by Brady Skjei.
16:50 of 3rd period - Wrist shot by Elias Lindholm.
16:50 of 3rd period - Shot Misses the Net.
16:52 of 3rd period - Slapshot by Quinn Hughes.
16:52 of 3rd period - Shot Misses the Net.
16:54 of 3rd period - Wrist shot by William Nylander.
16:54 of 3rd period - Stopped by Alexandar Georgiev with a rebound.
16:58 of 3rd period - Wrist shot by Derick Brassard.
16:58 of 3rd period - Stopped by Alexandar Georgiev with a rebound.
17:35 of 3rd period - T.J. Hensick is hit by Elias Lindholm and loses puck.
17:42 of 3rd period - Backhand shot by William Nylander.
17:42 of 3rd period - Shot Misses the Net.
17:53 of 3rd period - Off-side.
17:54 of 3rd period - Brendan Lemieux wins face-off versus Roope Hintz in neutral zone.
18:01 of 3rd period - Snap shot by Brendan Lemieux.
18:01 of 3rd period - Stopped by Ondrej Pavelec without a rebound.
18:02 of 3rd period - Roope Hintz wins face-off versus Dylan Larkin in Canadiens zone.
18:13 of 3rd period - Wrist shot by Michael Matheson.
18:13 of 3rd period - Deflect By Dylan Larkin.
18:13 of 3rd period - Stopped by Alexandar Georgiev without a rebound.
18:14 of 3rd period - Dylan Larkin wins face-off versus Roope Hintz in Red Wings zone.
18:56 of 3rd period - Slapshot by Philip Samuelsson.
18:56 of 3rd period - Stopped by Ondrej Pavelec with a rebound.
Goals for this period are 1 for Canadiens vs 1 for Red Wings.
Shots for this period are 8 for Canadiens vs 5 for Red Wings.
Overtime #1
0:01 of 1st overtime period - Connor Brown wins face-off versus David Pastrnak in neutral zone.
0:06 of 1st overtime period - Snap shot by Connor Brown.
0:06 of 1st overtime period - Shot Blocked by Brady Skjei.
0:08 of 1st overtime period - Wrist shot by Connor Brown.
0:08 of 1st overtime period - Shot Misses the Net.
0:10 of 1st overtime period - Snap shot by Connor Brown.
0:10 of 1st overtime period - Shot Misses the Net.
0:12 of 1st overtime period - Slapshot by Hampus Lindholm.
0:12 of 1st overtime period - Shot Blocked by Brady Skjei.
0:16 of 1st overtime period - Snap shot by Connor Brown.
0:16 of 1st overtime period - Deflect By David Pastrnak.
0:16 of 1st overtime period - Shot Blocked by Brady Skjei.
0:16 of 1st overtime period - Puck is out of play.
0:17 of 1st overtime period - David Pastrnak wins face-off versus Connor Brown in Canadiens zone.
2:13 of 1st overtime period - Philip Samuelsson is hit by William Nylander and loses puck.
3:49 of 1st overtime period - Charlie Coyle is hit by Matthew Tkachuk and loses puck.
Goals for this period are 0 for Canadiens vs 0 for Red Wings.
Shots for this period are 0 for Canadiens vs 0 for Red Wings.
ShootOut
5:00 of 1st overtime period - Round #1.
5:00 of 1st overtime period - Canadiens, Chris Kreider.
5:00 of 1st overtime period - Deke by Chris Kreider.
5:00 of 1st overtime period - Stopped by Alexandar Georgiev.
5:00 of 1st overtime period - Red Wings, Dylan Larkin.
5:00 of 1st overtime period - Deke by Dylan Larkin.
5:00 of 1st overtime period - Goal by Dylan Larkin.
5:00 of 1st overtime period - Round #2.
5:00 of 1st overtime period - Canadiens, David Pastrnak.
5:00 of 1st overtime period - Wrist shot by David Pastrnak.
5:00 of 1st overtime period - Stopped by Alexandar Georgiev.
5:00 of 1st overtime period - Red Wings, Carson Mcmillan.
5:00 of 1st overtime period - Deke by Carson Mcmillan.
5:00 of 1st overtime period - Goal by Carson Mcmillan.
5:00 of 1st overtime period - Round #3.
Output by the SimonT Hockey Simulator (STHS) for Francois Prevost